 Dungeon Crawl Stone Soup version 0.31.0-32-g396128a36d (webtiles) character file.

Game seed: 17206514888955845262

12483 hawla the Arsonist (level 11, -3/52 (54) HPs)
             Began as a Deep Elf Fire Elementalist on Apr 15, 2024.
             Was a Believer of Vehumet.
             Killed from afar by an acid dragon (14 damage)
             ... with a splash of acid
             ... on level 11 of the Dungeon.
             The game lasted 00:33:30 (12578 turns).

hawla the Arsonist (Deep Elf Fire Elementalist)    Turns: 12578, Time: 00:33:30

HP:   -3/52 (54)    AC: 13    Str:  5    XL:     11   Next: 63%
MP:   0/25          EV: 12    Int: 34    God:    Vehumet [**....]
Gold: 590           SH:  0    Dex: 15    Spells: 8/26 levels left

rFire   . . .        D - +7 long sword "Sungagop" {heavy, Int+9}
rCold   + . .        c - orb {*channel}
rNeg    . . .        B - +4 steam dragon scales
rPois   .            E - +2 helmet
rElec   .            (no cloak)
rCorr   .            f - +0 pair of gloves
SInv    .            (no boots)
Will    +....        h - amulet of guardian spirit
Stlth   ++           l - ring of protection from cold
HPRegen 0.28/turn    (no ring)
MPRegen 0.19/turn

%: guardian spirit, channel magic (20%)
@: about to teleport, very slightly contaminated, lightly drained
A: no striking features
a: Renounce Religion


You were on level 11 of the Dungeon.
You worshipped Vehumet.
Vehumet was pleased with you.
You visited 2 branches of the dungeon, and saw 12 of its levels.
You also visited: Sewer.

You collected 590 gold pieces.

Inventory:

Hand Weapons
 u - the +10 falchion "Arcanum" {flame, rC- rCorr Dex+2}
   (You found it on level 10 of the Dungeon)

   Dex+2:     It affects your dexterity (+2).
   rC-:       It makes you vulnerable to cold.
   rCorr:     It protects you from acid and corrosion.
 D - the +7 long sword "Sungagop" (weapon) {heavy, Int+9}
   (You found it on level 8 of the Dungeon)

   Int+9:     It affects your intelligence (+9).
Armour
 c - an orb of energy (worn)
 f - a +0 pair of gloves (worn)
 B - +4 steam dragon scales (worn)
 E - a +2 helmet (worn)
Magical Staves
 m - a staff of fire
 w - a staff of conjuration
 z - a staff of earth
 C - a staff of air
Jewellery
 h - an amulet of guardian spirit (around neck)
 l - a ring of protection from cold (left hand)
Wands
 r - a wand of flame (42)
 v - a wand of polymorph (19)
 y - a wand of paralysis (6)
Scrolls
 a - a scroll of fog
 e - 2 scrolls of amnesia
 g - a scroll of teleportation
 k - 2 scrolls of revelation
 n - 6 scrolls of poison
 s - 2 scrolls of enchant weapon
 G - a scroll of acquirement {unknown}
 H - a scroll of immolation
 I - a scroll of blinking {unknown}
Potions
 b - a potion of magic
 d - a potion of ambrosia
 i - 2 potions of resistance
 j - a potion of might {unknown}
 o - a potion of haste {unknown}
 p - a potion of invisibility {unknown}
 q - a potion of berserk rage {unknown}
 t - a potion of lignification {unknown}
 x - 3 potions of degeneration {unknown}
 A - 2 potions of heal wounds {unknown}
Miscellaneous
 F - a lightning rod (4/4)


   Skills:
 + Level 4.5 Long Blades
 + Level 7.9 Staves
 - Level 2.4 Dodging
 - Level 2.4 Stealth
 - Level 8.0 Spellcasting
 - Level 5.3 Conjurations
 + Level 10.4 Necromancy
 + Level 11.3 Fire Magic
 - Level 3.0 Earth Magic
 - Level 5.3 Evocations


You had 8 spell levels left.
You knew the following spells:

 Your Spells              Type           Power      Damage    Failure   Level
a - Foxfire               Conj/Fire      100%       2x1d9     1%          1
b - Scorch                Fire           100%       2d9       1%          2
c - Flame Wave            Conj/Fire      63%        2d15      5%          4
d - Dispel Undead         Necr           71%        3d24      3%          4
e - Blink                 Tloc           26%        N/A       14%         2
f - Borgnjor's Vile Clut  Necr/Erth      28%        N/A       17%         5

Your spell library contained the following spells:

 Spells                   Type           Power      Damage    Failure   Level
 Momentum Strike          Conj/Tloc      62%        3d9       7%          2
 Necrotise                Necr           100%       1d9       1%          1
 Fugue of the Fallen      Necr           71%        N/A       1%          3
 Vampiric Draining        Necr           71%        2d11      1%          3
 Inner Flame              Hex/Fire       51%        N/A       4%          3
 Volatile Blastmotes      Fire/Tloc      100%       2d18      4%          3
 Cigotuvi's Dreadful Rot  Necr/Alch/Air  74%        N/A       6%          2
 Curse of Agony           Necr           71%        N/A       6%          5
 Freeze                   Ice            52%        1d6       11%         1
 Summon Small Mammal      Summ           52%        N/A       11%         1
 Hailstorm                Conj/Ice       31%        3d8       11%         3
 Ignite Poison            Fire/Alch      51%        N/A       11%         4
 Sticky Flame             Fire/Alch      51%        2d9       11%         4
 Summon Blazeheart Golem  Fire/Summ      51%        N/A       11%         4
 Anguish                  Hex/Necr       24%        N/A       12%         4
 Martyr's Knell           Necr/Summ      49%        N/A       12%         4
 Ensorcelled Hibernation  Hex/Ice        26%        N/A       14%         2
 Death Channel            Necr           35%        N/A       19%         6
 Call Canine Familiar     Summ           13%        N/A       24%         3
 Frozen Ramparts          Ice            26%        1d4       24%         3
 Alistair's Intoxication  Alch           8%         N/A       83%         5
 Ignition                 Fire           37%        3d11      97%         8
 Eringya's Noxious Bog    Alch           6%         4d6       100%        6
 Summon Cactus Giant      Summ           6%         N/A       100%        6


Dungeon Overview and Level Annotations

Branches:
Dungeon (11/15)            Temple (1/1) D:5             Orc (0/2) D:9
  Sewer (visited)
   Lair: D:8-11

Altars:
Ashenzari
Cheibriados
Dithmenos
Elyvilon
Fedhas
Gozag
Hepliaklqana
Kikubaaqudgha
Makhleb
Nemelex Xobeh
Okawaru
Qazlal
Ru
Sif Muna
Trog
Uskayaw
Vehumet
Wu Jian
Xom
Yredelemnul
Zin
The Shining One

Portals:
Trove: D:10 (show slimy rune of Zot)


Message History

The red ugly thing's fire resistance burns away.
Unknown command.
Casting: Scorch (safe; 1% risk of failure)
Confirm with . or Enter, or press ? or * to list all spells.
Aiming: Borgnjor's Vile Clutch (quite dangerous; 17% risk of failure)
Press: ? - help, Shift-Dir - straight line, f - acid dragon
Aim: an acid dragon (100% to hit)
You miscast Borgnjor's Vile Clutch.
You are very lightly contaminated with residual magic.
You are engulfed in negative energy!
You feel drained. Magical energy flows into your mind!
The red ugly thing completely misses you.
Unknown command.
Casting: Borgnjor's Vile Clutch (quite dangerous; 17% risk of failure)
Confirm with . or Enter, or press ? or * to list all spells.
Aiming: Borgnjor's Vile Clutch (quite dangerous; 17% risk of failure)
Press: ? - help, Shift-Dir - straight line, f/p - acid dragon
Aim: an acid dragon (100% to hit)
You miscast Borgnjor's Vile Clutch.
Nothing appears to happen.
Magical energy flows into your mind! The red ugly thing gores you.
You are engulfed in flames!!
Unknown command.
Casting: Borgnjor's Vile Clutch (quite dangerous; 17% risk of failure)
Confirm with . or Enter, or press ? or * to list all spells.
Casting: Flame Wave (dangerous; 5% risk of failure)
Press: ? - help, Dir - look around, f - activate
Okay, then.
As you read the scroll of teleportation, it crumbles to dust.
You feel strangely unstable.
The red ugly thing is no longer more vulnerable to fire.
The red ugly thing barely misses you. The acid dragon closely misses you.
The acid dragon claws you but does no damage.
The red ugly thing attacks as it pursues you!
The red ugly thing gores you but does no damage.
The red ugly thing attacks as it pursues you!
The red ugly thing gores you.
You are engulfed in flames!
* * * LOW HITPOINT WARNING * * *
The acid dragon spits acid at you. The splash of acid hits you!!
You die...

..# .........# ..#
.........#
..######.......#
.......#...^...#
.......#.......# #
.......#.......#####.#
.......#......D......#
.......#........u....#
.......#.#####..@....#
.......#(# #..........
......##.# #..........
......#..# #..........
##+#..#..# +..###+####
#..#..#####..#
#............#
≈...#...........
..#............


You could see a red ugly thing and an acid dragon (catching breath).

Vanquished Creatures
  2 two-headed ogres
  Pikel (D:4)
  A cyclops (D:11)
  A gargoyle (D:7)
  Joseph (D:9)
  Jeremiah (D:7)
  2 trolls
  Grinder (D:3)
  2 raiju (D:10)
  A slime creature (D:7)
  The ghost of ZoaN the Digger, an amateur GrEE of Hepliaklqana (D:4)
  18 yaks
  Eustachio (D:5)
  A wraith (D:11)
  2 wyverns
  2 steam dragons
  4 vampire mosquitoes
  A basilisk (D:7)
  2 acid dragons
  2 water moccasins
  4 orc warriors (D:9)
  3 ice beasts
  3 black bears
  A sky beast (D:7)
  2 ogres
  4 centaurs
  2 phantoms
  2 kobold brigands (D:9)
  A lemure (D:4)
  The ghost of tdog the Covert, an amateur SpBr (D:3)
  5 bullfrogs
  2 scorpions
  4 wights (D:8)
  6 killer bees (D:10)
  5 electric eels (D:10)
  4 hounds
  2 orc priests
  2 bombardier beetles
  2 jellies
  A gnoll bouda (D:4)
  5 sleepcaps
  5 iguanas
  An orc wizard (D:5)
  8 adders
  6 gnolls
  2 shadow imps
  2 white imps (D:7)
  10 dart slugs
  4 ribbon worms
  27 orcs
  13 ball pythons
  8 bats
  6 endoplasms
  13 giant cockroaches
  7 goblins
  6 hobgoblins
  4 jackals (D:4)
  2 quokkas
  13 frilled lizards
  10 kobolds
  5 rats
260 creatures vanquished.

Vanquished Creatures (others)
  504 foxfires
504 creatures vanquished.

Grand Total: 764 creatures vanquished

Notes
Turn   | Place    | Note
-------+----------+-------------------------------------------
     0 | D:1      | hawla the Deep Elf Fire Elementalist began the quest for
                  | the Orb.
     0 | D:1      | Reached XP level 1. HP: 10/10 MP: 6/6
   292 | D:1      | Reached XP level 2. HP: 15/15 MP: 5/8
   983 | D:1      | Reached skill level 4 in Fire Magic
  1082 | D:1      | Learned a level 2 spell: Scorch
  1518 | D:2      | Reached XP level 3. HP: 19/19 MP: 7/10
  2290 | D:2      | Reached skill level 1 in Evocations
  2507 | D:3      | Found a bloodstained altar of Trog.
  2799 | D:3      | Noticed Grinder
  2811 | D:3      | Killed Grinder
  2812 | D:3      | Reached skill level 5 in Evocations
  2812 | D:3      | Reached XP level 4. HP: 24/24 MP: 1/11
  2812 | D:3      | Reached XP level 5. HP: 28/28 MP: 1/12
  2943 | D:3      | Reached XP level 6. HP: 32/32 MP: 11/13
  2943 | D:3      | Found a glowing drain.
  2952 | Sewer    | Entered a sewer
  2959 | Sewer    | Learned a level 4 spell: Flame Wave
  3509 | Sewer    | Reached skill level 5 in Fire Magic
  3559 | Sewer    | Got Riqal's Treatise on Disjunct Ashes
  3800 | D:3      | Found a runed translucent door.
  3805 | D:3      | Noticed tdog's ghost (amateur SpBr)
  3849 | D:3      | Found a runed translucent door.
  4426 | D:3      | Killed tdog's ghost
  4427 | D:3      | Reached XP level 7. HP: 30/36 MP: 1/14
  4615 | D:4      | Noticed Pikel
  4634 | D:4      | Killed Pikel
  4635 | D:4      | Reached skill level 5 in Conjurations
  4635 | D:4      | Reached skill level 7 in Fire Magic
  4648 | D:4      | Learned a level 4 spell: Dispel Undead
  4817 | D:4      | Reached XP level 8. HP: 41/41 MP: 8/15
  5358 | D:4      | Found a transporter.
  5362 | D:4      | Found a transporter.
  5362 | D:4      | Noticed ZoaN's ghost (amateur GrEE)
  5363 | D:4      | Identified the +9 giant spiked club "Oryuxtis" {heavy,
                  | Int+3 Stlth+}
  5476 | D:5      | Entered Level 5 of the Dungeon
  5590 | D:5      | Reached skill level 5 in Necromancy
  5699 | D:5      | Noticed Eustachio
  5707 | D:5      | Killed Eustachio
  6310 | D:5      | Reached XP level 9. HP: 35/45 MP: 6/16
  6314 | D:5      | Reached skill level 1 in Staves
  6511 | D:5      | Found a staircase to the Ecumenical Temple.
  6521 | Temple   | Entered the Ecumenical Temple
  6544 | Temple   | Became a worshipper of Vehumet
  6871 | D:6      | Found an ancient bone altar of Kikubaaqudgha.
  7060 | D:6      | Found a white marble altar of Elyvilon.
  7363 | D:7      | Learned a level 2 spell: Blink
  7677 | D:7      | Reached skill level 5 in Staves
  7921 | D:7      | Noticed a gargoyle
  7921 | D:7      | Noticed a boulder beetle
  7930 | D:7      | Killed a gargoyle
  7952 | D:7      | Reached skill level 8 in Fire Magic
  7970 | D:7      | Noticed Jeremiah
  8014 | D:8      | Reached XP level 10. HP: 31/50 MP: 6/19
  8042 | D:8      | Reached skill level 5 in Spellcasting
  8220 | D:8      | Reached * piety under Vehumet
  8220 | D:8      | Offered knowledge of Sandblast by Vehumet.
  8518 | D:8      | Identified the +7 long sword "Sungagop" {heavy, Int+9}
  8597 | D:8      | Found a hazy altar of Hepliaklqana.
  8753 | D:8      | Noticed a two-headed ogre
  8760 | D:8      | Killed a two-headed ogre
  8761 | D:8      | Reached skill level 9 in Fire Magic
  8768 | D:8      | Learned a level 5 spell: Borgnjor's Vile Clutch
  9083 | D:4      | Killed ZoaN's ghost
  9421 | D:7      | Reached skill level 1 in Long Blades
  9421 | D:7      | Reached skill level 1 in Earth Magic
  9847 | D:7      | Killed Jeremiah
 10447 | D:9      | Found an opulent altar of Gozag.
 10460 | D:9      | Noticed Joseph
 10469 | D:9      | Killed Joseph
 10470 | D:9      | Reached skill level 10 in Fire Magic
 10574 | D:9      | Noticed a two-headed ogre
 10583 | D:9      | Killed a two-headed ogre
 10584 | D:9      | Reached XP level 11. HP: 41/54 MP: 16/25
 10857 | D:9      | Reached ** piety under Vehumet
 10890 | D:9      | Offered knowledge of Magic Dart by Vehumet.
 10938 | D:9      | Found a staircase to the Orcish Mines.
 11110 | D:10     | Entered Level 10 of the Dungeon
 11204 | D:10     | Identified the +10 falchion "Arcanum" {flame, rC- rCorr
                  | Dex+2}
 11431 | D:10     | Reached skill level 10 in Necromancy
 11624 | D:10     | Reached skill level 11 in Fire Magic
 11944 | D:10     | Offered knowledge of Momentum Strike by Vehumet.
 12124 | D:10     | Found a portal to a secret trove of treasure.
 12567 | D:11     | Noticed a red ugly thing
 12578 | D:11     | Killed from afar by an acid dragon

Illustrated notes

Levels and vault maps discovered:
D:1:      onia_arrival_pentagram, layout_basic, dreamdust_wishing_well,
          corner_web_ring
D:2:      kennysheep_six_static_rooms, layout_basic, kennysheep_crisscross,
          chequers_hall_statues_y, corexii_item_surrounded_by_moat
D:3:      layout_basic, lemuel_doored_altar, portal_sewer_entry_d,
          ebering_ghost_sewer_f, uniq_grinder
D:4:      layout_loops_ring, gammafunk_ghost_smash, uniq_pikel
D:5:      minmay_chambers_of_threes, layout_cave_pools,
          minmay_temple_entry_fiery, serial_bayou, serial_bayou_ford_a,
          serial_bayou_shore_b, serial_bayou_shore_b, serial_bayou_shore_b,
          minmay_circle_x, uniq_eustachio
D:6:      layout_rooms, nicolae_elyvilon_peaceful_grove,
          nicolae_overflow_crystal_walls
D:7:      minmay_slanted_spiral_squares, layout_loops_cross, minmay_holes,
          minmay_misc_feat_four_crosses, uniq_jeremiah
D:8:      layout_gridville, nzn_hepliaklqana_mist_gate
D:9:      layout_rooms, grunt_gozag_statues, david_orc_5, uniq_joseph
D:10:     layout_long_grid, nicolae_trove_entry_columns,
          nicolae_have_a_lightning_rod
D:11:     layout_irregular_city, dpeg_oklobed_lair
Temple:   bh_familiar_temple

Skill      XL: |  1  2  3  4  5  6  7  8  9 10 11 |
---------------+----------------------------------+-----
Fire Magic     | 4 5 7 8 10 11 | 11.3
Evocations     | 5 |  5.3
Conjurations   | 3 5 |  5.3
Necromancy     | 2 8 9 10 | 10.4
Staves         | 7 |  7.9
Spellcasting   | 4 8 |  8.0
Long Blades    | 3 4 |  4.5
Earth Magic    | 1 3 |  3.0
Dodging        | |  2.4
Stealth        | |  2.4

Action                     |  1- 3 |  4- 6 |  7- 9 | 10-12 || total
---------------------------+-------+-------+-------+-------++-------
  Melee: Unarmed           |     3 |       |       |       ||     3
         Staff             |     1 |     3 |    33 |       ||    37
         Long sword        |       |       |       |    24 ||    24
   Cast: Foxfire           |    67 |    52 |    95 |    77 ||   291
         Scorch            |    11 |    10 |    44 |    32 ||    97
         Flame Wave        |       |     1 |    10 |    21 ||    32
         Dispel Undead     |       |       |     2 |     4 ||     6
         Borgnjor's Vile C |       |       |       |     5 ||     5
         Blink             |       |       |       |     2 ||     2
    Use: Scroll            |     4 |     2 |     7 |     9 ||    22
         Potion            |       |       |     4 |       ||     4
   Stab: Distracted        |       |       |       |     1 ||     1
 Armour: Robe              |     7 |    10 |    21 |       ||    38
         Steam dragon scal |       |       |    25 |   104 ||   129
  Dodge: Dodged            |    16 |     6 |    48 |    82 ||   152
